Workbook

Sheet Master Price List 
A1: State Supplied Price Sheet T2836 - Printing: Production Print Services Bid Solicitation: 26DPP01245
A2: Bidder Name:
A3: Date:
A4: Please Refer to Bid Solicitation Section 3.36 for Bidder Instructions.
A5: Price Line # | B5: Group 1 - Paper Stock | C5: UOM | D5: Proposed All Inclusive Price | E5: Cost per EA
A6: 1 | B6: #20 White 8.5" x 11" Stock & Simplex Laser Image | C6: Cost per Page | D6: 0
A7: 2 | B7: #20 White 8.5" x 11" Drilled Stock & Simplex Laser Image | C7: Cost per Page | D7: 0
A8: 3 | B8: #20 White 8.5" x 11" Stock & Duplex Laser Image | C8: Cost per Page | D8: 0
A9: 4 | B9: #20 White 8.5" x 11" Stock & Duplex Laser Image 3-hole punch | C9: Cost per Page | D9: 0
A10: 5 | B10: #20 White 8.5" x 14" Stock & Simplex Laser Image | C10: Cost per Page | D10: 0
A11: 6 | B11: #70 White 8.5" x 11" Stock & Simplex Laser Image | C11: Cost per Page | D11: 0
A12: 7 | B12: #70 White 8.5" x 11" Stock & Duplex Laser Image | C12: Cost per Page | D12: 0
A13: 8 | B13: #20 Colored 8.5" x 11" Stock & Simplex Laser Image | C13: Cost per Page | D13: 0
A14: 9 | B14: Pressure Seal Document Stock, Laser Print & Pressure Seal of 8.5" x 11" Simplex Image | C14: Cost per Page | D14: 0
A15: 10 | B15: Pressure Seal Document Stock, Laser Print & Pressure Seal of 8.5" x 14" Simplex Image | C15: Cost per Page | D15: 0
A16: 11 | B16: Pressure Seal Document Stock, Laser Print & Pressure Seal of 8.5" x 14" Duplex Image | C16: Cost per Page | D16: 0
A17: 12 | B17: Pressure Seal Documents Stock, Laser Print & Pressure Seal of 8.5" x 14" Simplex Image Printed On 100# Tag | C17: Cost per Page | D17: 0
... A26: 21 | B26: 8 1/2" x 11" Informational Insert, 20 White Bond Stock with Duplex Printing + Folding to Required Size | C26: Cost per Page | D26: 0
A27: Price Line # | B27: Group 2 - Additional Items | C27: UOM | D27: Cost
A28: 22 | B28: Impact Print of Documents & Labels | C28: Cost per Line | D28: 0
A29: 23 | B29: Inserting of a Document into an Envelope | C29: Cost per Page | D29: 0
A30: 24 | B30: Selective Inserting from Varying Hoppers: | C30: Cost per Page | D30: 0
A31: 25 | B31: Nesting into Pressure Seal | C31: Cost per Piece | D31: 0
A32: 26 | B32: NCOA Processing | C32: Cost per M | D32: 0
A33: 27 | B33: Pre-sort Charge | C33: Cost per Piece | D33: 0
A34: 28 | B34: Rush Service | C34: Cost per Job | D34: 0
A35: 29 | B35: Generate PDF Sample & Hold for Approval | C35: Cost per Job | D35: 0
A36: 30 | B36: Microfilm Document | C36: Cost per Unit | D36: 0
A37: 31 | B37: Programming: Overlay Creation & Data Mapping: | C37: Cost per Hour | D37: 0
A38: 32 | B38: Document Design Services: | C38: Cost per Hour | D38: 0
A39: Price Line # | B39: Group 3 - Envelope Pricing (Click Envelope Name for Spec Sheet) | C39: UOM | D39: Cost | E39: Cost per EA
A40: 33 | B40: ER-3 | C40: Cost per M | D40: 0 | E40: =D40/1000 -> 0
A41: 34 | B41: OMB BOX 221 | C41: Cost per M | D41: 0 | E41: =D41/1000 -> 0
A42: 35 | B42: ER-92D | C42: Cost per M | D42: 0 | E42: =D42/1000 -> 0
A43: 36 | B43: ER-123 | C43: Cost per M | D43: 0 | E43: =D43/1000 -> 0
A44: 37 | B44: ER-117 | C44: Cost per M | D44: 0 | E44: =D44/1000 -> 0
A45: 38 | B45: ER-106 | C45: Cost per M | D45: 0 | E45: =D45/1000 -> 0
A46: 39 | B46: ER-116 | C46: Cost per M | D46: 0 | E46: =D46/1000 -> 0
A47: 40 | B47: ER-113 | C47: Cost per M | D47: 0 | E47: =D47/1000 -> 0
A48: 41 | B48: LL-1E (JO548) | C48: Cost per M | D48: 0 | E48: =D48/1000 -> 0
A49: 42 | B49: PENS Envelope | C49: Cost per M | D49: 0 | E49: =D49/1000 -> 0
A50: 43 | B50: Pension Insert | C50: Cost per M | D50: 0 | E50: =D50/1000 -> 0
A51: 44 | B51: EN-BPC-124 | C51: Cost per M | D51: 0 | E51: =D51/1000 -> 0
... A59: 52 | B59: NJ Kids 6x9.5 Env | C59: Cost per M | D59: 0 | E59: =D59/1000 -> 0
A60: 53 | B60: No Envelope | D60: 0
A61: 52 | B61: NJ Kids 6x9.5 Env | C61: Cost per M | D61: 0 | E61: =D61/1000 -> 0
A62: Price Line # | B62: Group 4 - Special Stock | C62: UOM | D62: Cost | E62: Cost per EA
A63: 53 | B63: NJ DHS PAAD Application, 11” x 9 1/8” 11 part form all sheets #24 lb OCR bond | C63: Cost per M | D63: 0 | E63: =D63/1000 -> 0
A64: 54 | B64: Packaging / comingling NJDHS PAAD Application Packaging /comingling envelope and packet into 25 sets per carton. These individual cartons would be shipped to 2,000 facilities throughout NJ. 60,000 Packets assembled and distributed 2400 Individual cartons | C64: Cost per Carton | D64: 0
A65: 55 | B65: BRE Envelopes 9 ½” x 12 5/8” flap along 12 5/8”side # 24 Lb closed face BRE Printed black ink 2 sides | C65: Cost per M | D65: 0 | E65: =D65/1000 -> 0
A66: 56 | B66: Outgoing Mail Envelope 9 ½” x 12 5/8” flap along 12 5/8” side # 24 Lb white window envelope | C66: Cost per M | D66: 0 | E66: =D66/1000 -> 0
A67: 57 | B67: ID CARD Pre-Printed Shell | C67: Cost per Sheet | D67: 0
A68: 58 | B68: ID Card, 8.5 x 11 prints 2/1 PMS 287&100 over 287, 32# ledger, L perf at bottom | C68: Cost per M | D68: 0 | E68: =D68/1000 -> 0
A69: 59 | B69: Senior Gold ID Card, 8.5 x 11 prints 2/1 PMS 486 & Reflex Blue over Reflex Blue, Micro perf at bottom | C69: Cost per M | D69: 0 | E69: =D69/1000 -> 0
A70: 60 | B70: NCPDP Fact Sheet | C70: Cost per Sheet | D70: 0 | E70: =D70/1000 -> 0
A71: 61 | B71: AOC 3-Part Self-Mailer Part 1: 16 lb Carbonized bond with multiple carbons spots on back of sheet White paper -Reflex blue on face | C71: Cost per Carton | D71: 0 | E71: =D71/1000 -> 0
A72: 62 | B72: AOC 3-Part Self-Mailer Part 2: #21 lb CB carbonless sheet-- white Reflex blue ink on face and back of sheet | C72: Cost per Carton | D72: 0 | E72: =D72/1000 -> 0
A73: 63 | B73: AOC 3-Part Self-Mailer Part 3: #20 lb CF carbonless sheet white Reflex blue ink on back | C73: Cost per Carton | D73: 0 | E73: =D73/1000 -> 0
A74: 64 | B74: Special mailers Identical to Parts 1 , 2, or 3 but each is custom printed with copy changes between forms | C74: Cost per M | D74: 0 | E74: =D74/1000 -> 0
A75: 65 | B75: Emergency Service Level Requirements Overtime. Pursuant to Bid Solicitation Section 4.12.1, Emergency Service Level Requirements (SLR), and approved by the requesting Using Agency. Do Not Bid - Net | C75: Net
A76: Price Line # | B76: Group 5 - NJMVC Additional Work | C76: UOM | D76: Cost | E76: Cost per EA
A77: 66 | B77: Training for a complete Notary Public | C77: Cost per Each | D77: 0
A78: 67 | B78: Five (5) Year Notary Bond | C78: Cost per Each | D78: 0
A79: 68 | B79: Daily Notary Service | C79: Cost per Each | D79: 0
A80: 69 | B80: NJMVC English Driver's Manual - Quantity of 200,000-204,000 | C80: Cost per M | D80: 0 | E80: =D80/1000 -> 0
A81: 70 | B81: NJMVC English Driver's Manual - Quantity of 205,000-209,000 | C81: Cost per M | D81: 0 | E81: =D81/1000 -> 0
A82: 71 | B82: NJMVC English Driver's Manual - Quantity of 210,000-214,000 | C82: Cost per M | D82: 0 | E82: =D82/1000 -> 0
A83: 72 | B83: NJMVC English Driver's Manual - Quantity of 215,000-219,000 | C83: Cost per M | D83: 0 | E83: =D83/1000 -> 0
A84: 73 | B84: NJMVC English Driver's Manual - Quantity of 220,000-224,000 | C84: Cost per M | D84: 0 | E84: =D84/1000 -> 0
A85: 74 | B85: NJMVC English Driver's Manual - Quantity of 225,000-229,000 | C85: Cost per M | D85: 0 | E85: =D85/1000 -> 0
A86: 75 | B86: NJMVC English Driver's Manual - Quantity of 230,000-234,000 | C86: Cost per M | D86: 0 | E86: =D86/1000 -> 0
A87: 76 | B87: NJMVC Spanish Driver's Manual - Quantity of 70,000-74,000 | C87: Cost per M | D87: 0 | E87: =D87/1000 -> 0
A88: 77 | B88: NJMVC Spanish Driver's Manual - Quantity of 75,000-79,000 | C88: Cost per M | D88: 0 | E88: =D88/1000 -> 0
A89: 78 | B89: NJMVC Spanish Driver's Manual - Quantity of 80,000-84,000 | C89: Cost per M | D89: 0 | E89: =D89/1000 -> 0
A90: 79 | B90: NJMVC BA-300R (R8/20) Universal Registration Form - 400,000 Forms 3up | C90: Cost per M | D90: 0 | E90: =D90/1000 -> 0
A91: 80 | B91: NJMVC BA-300R (R8/20) Universal Registration Form - 800,000 Forms 3up | C91: Cost per M | D91: 0 | E91: =D91/1000 -> 0
... A93: 82 | B93: NJMVC BA-300 (R8/20) Agency Universal Registration Form - 2,000,000 Forms 1up | C93: Cost per M | D93: 0 | E93: =D93/1000 -> 0
A94: Price Line # | B94: Group - 6 Benchmark Pricing Pursuant to Section 3.36 | C94: Price Per Hundredweight (CWT.) | D94: No. of Pounds (# of lbs) to Produce
A95: 83 | B95: #20 White 8.5" x 11" Stock | C95: 0 | D95: 0
A96: 84 | B96: #20 White 8.5" x 11" Drilled Stock | C96: 0
A97: 85 | B97: #20 White 8.5" x 14" Stock | C97: 0
A98: 86 | B98: #70 White 8.5" x 11" Stock | C98: 0
A99: 87 | B99: #20 Colored 8.5" x 11" Stock | C99: 0
A100: 88 | B100: Pressure Seal Document Stock 8.5" x 11" | C100: 0
A101: 89 | B101: Pressure Seal Document Stock 8.5" x 14" | C101: 0
A102: 90 | B102: Pressure Seal Documents Stock 8.5" x 14" 100# Tag | C102: 0
A103: 91 | B103: Pressure Seal Document Stock 10.75" x 14" | C103: 0
A104: 92 | B104: Pressure Seal Document Check Stock 8.5" x 11 | C104: 0
A105: 93 | B105: Pressure Seal Document Check Stock, 8.5" x 14" | C105: 0
A106: 94 | B106: 8 1/2" x 11" Informational Insert, 20 White Bond Stock | C106: 0
A107: 95 | B107: ER-3 | C107: 0
... A140: 128 | B140: NJMVC BA-300 (R8/20) Agency Universal Registration Form - 8 ½” X 11” - White – 28lb | C140: 0

Sheet Weighted Model
A1: Specification Group | B1: Document Type | E1: Estimated Annual Volume | F1: Bid Price | G1: Total Cost | I1: Click to Return to Master Price List
A2: Bucket A - White Cut Sheet Document | B2: #20 White 8.5" x 11" Stock & Simplex Laser Image | E2: 21365297 | F2: ='Master Price List '!D6 -> 0 | G2: =E2*F2 -> 0
B3: #20 White 8.5" x 11" Drilled Stock & Simplex Laser Image | E3: 5192889 | F3: ='Master Price List '!D7 -> 0 | G3: =E3*F3 -> 0
B4: #20 White 8.5" x 11" Stock & Duplex Laser Image | E4: 9334423 | F4: ='Master Price List '!D8 -> 0 | G4: =E4*F4 -> 0
B5: #20 White 8.5" x 11" Drilled Stock & Duplex Laser Image | E5: 3147602 | F5: ='Master Price List '!D9 -> 0 | G5: =E5*F5 -> 0
B6: #20 White 8.5" x 14" Stock & Simplex Laser Image | E6: 427089 | F6: ='Master Price List '!D10 -> 0 | G6: =E6*F6 -> 0
B7: #70 White 8.5" x 11" Stock & Simplex Laser Image | E7: 70838 | F7: ='Master Price List '!D11 -> 0 | G7: =E7*F7 -> 0
B8: #70 White 8.5" x 11" Stock & Duplex Laser Image | E8: 9659400 | F8: ='Master Price List '!D12 -> 0 | G8: =E8*F8 -> 0
A9: Bucket A1 - Colored Cut Sheet Document | B9: #20 COLORED 8.5" x 11" Stock & Simplex Laser Image | E9: 39404 | F9: ='Master Price List '!D13 -> 0 | G9: =E9*F9 -> 0
F10: Sub-Total Bucket A | G10: =SUM(G2:G9) -> 0
A11: Bucket B - Pressure Seal Documents | B11: Pressure Seal Documents Stock, Laser Print & Pressure Seal of 8.5" x 11" Simplex Image | E11: 2495886 | F11: ='Master Price List '!D14 -> 0 | G11: =E11*F11 -> 0
B12: Pressure Seal Documents Stock, Laser Print & Pressure Seal of 8.5" x 14" Simplex Image | E12: 4327649 | F12: ='Master Price List '!D15 -> 0 | G12: =E12*F12 -> 0
B13: Pressure Seal Documents Stock, Laser Print & Pressure Seal of 8.5" x 14" Duplex Image | E13: 250257 | F13: ='Master Price List '!D16 -> 0 | G13: =E13*F13 -> 0
B14: Pressure Seal Documents Stock, Laser Print & Pressure Seal of 8.5" x 14" Simplex Image Printed On 100# Tag | E14: 180587 | F14: ='Master Price List '!D17 -> 0 | G14: =E14*F14 -> 0
B15: Pressure Seal Documents Stock, Laser Print & Pressure Seal of 10.75" x 14" Simplex Image | E15: 7999264 | F15: ='Master Price List '!D18 -> 0 | G15: =E15*F15 -> 0
B16: Pressure Seal Documents Stock, Laser Print & Pressure Seal of 10.75" x 14" Duplex Image | E16: 3459 | F16: ='Master Price List '!D19 -> 0 | G16: =E16*F16 -> 0
F17: Sub-Total Bucket B | G17: =SUM(G11:G16) -> 0
A18: Bucket C - Pressure Seal Check Stock | B18: Pressure Seal Documents Check Stock, Laser Print & Pressure Seal of 8.5" x 11" Simplex Image | E18: 3472170 | F18: ='Master Price List '!D20 -> 0 | G18: =E18*F18 -> 0
B19: Pressure Seal Documents Check Stock, Laser Print & Pressure Seal of 8.5" x 14" Simplex Image | E19: 1868420 | F19: ='Master Price List '!D21 -> 0 | G19: =E19*F19 -> 0
A20: Bucket C1 - Agency Supplied Pressure Seal Check Stock | B20: Pressure Seal Documents Check Stock, Laser Print & Pressure Seal of 10.75" x 14" Simplex Image | E20: 7137 | F20: ='Master Price List '!D22 -> 0 | G20: =E20*F20 -> 0
F21: Sub-Total Bucket C | G21: =SUM(G18:G20) -> 0
A22: Miscellaneous - Agency Supplied Forms | B22: Agency Supplied Laser Document Simplex Image 8.5" x 11" Cut Sheet | E22: 746717 | F22: ='Master Price List '!D23 -> 0 | G22: =E22*F22 -> 0
B23: Agency Supplied Laser Document Simlex Image 8.5" x 14" Presssure Seal | E23: 1562 | F23: ='Master Price List '!D24 -> 0 | G23: =E23*F23 -> 0
B24: Impact Print of Documents & Labels | E24: 109379696 | F24: ='Master Price List '!D28 -> 0 | G24: =E24*F24 -> 0
A25: Miscellaneous - Vendor Supplied Forms | B25: 8.5" x 11" Informational Insert, 20# White Bond Stock with Simplex Printing | E25: 120000 | F25: ='Master Price List '!D25 -> 0 | G25: =E25*F25 -> 0
B26: 8.5" x 11" Informational Insert, 20# White Bond Stock with Duplex Printing | E26: 60000 | F26: ='Master Price List '!D26 -> 0 | G26: =E26*F26 -> 0
F27: Sub-Total Bucket Misc | G27: =SUM(G22:G26) -> 0
A28: Envelopes | B28: ER-3 | E28: 12500 | F28: ='Master Price List '!E40 -> 0 | G28: =E28*F28 -> 0
B29: OMB BOX 221 | E29: 8500 | F29: ='Master Price List '!E41 -> 0 | G29: =E29*F29 -> 0
B30: ER-92D | E30: 704000 | F30: ='Master Price List '!E42 -> 0 | G30: =E30*F30 -> 0
B31: ER-123 | E31: 25000 | F31: ='Master Price List '!E43 -> 0 | G31: =E31*F31 -> 0
B32: ER-117 | E32: 2000 | F32: ='Master Price List '!E44 -> 0 | G32: =E32*F32 -> 0
B33: ER-106 | E33: 437000 | F33: ='Master Price List '!E45 -> 0 | G33: =E33*F33 -> 0
B34: ER-116 | E34: 253000 | F34: ='Master Price List '!E46 -> 0 | G34: =E34*F34 -> 0
B35: ER-113 | E35: 40000 | F35: ='Master Price List '!E47 -> 0 | G35: =E35*F35 -> 0
B36: LL-1E (JO548) | E36: 50000 | F36: ='Master Price List '!E48 -> 0 | G36: =E36*F36 -> 0
B37: PENS Envelope | E37: 13000 | F37: ='Master Price List '!E49 -> 0 | G37: =E37*F37 -> 0
B38: Pension Insert | E38: 12500 | F38: ='Master Price List '!E50 -> 0 | G38: =E38*F38 -> 0
B39: EN-BPC-124 | E39: 158000 | F39: ='Master Price List '!E51 -> 0 | G39: =E39*F39 -> 0
B40: EN-BPC-104 | E40: 1200000 | F40: ='Master Price List '!E52 -> 0 | G40: =E40*F40 -> 0
... B46: NJ Kids 10x13 | E46: 13000 | F46: ='Master Price List '!E58 -> 0 | G46: =E46*F46 -> 0
F47: Sub-Total Bucket Envelopes | G47: =SUM(G28:G46) -> 0
A48: Additional Work | B48: NJ DHS PAAD Application, 11” x 9 1/8” 11 part form all sheets #24 lb OCR bond | F48: ='Master Price List '!E63 -> 0 | G48: =E48*F48 -> 0
B49: Packaging / comingling NJDHS PAAD Aplication Packaging /comingling envelope and packet into 25 sets per carton. These individual cartons would be shipped to 2,000 facilities throughout NJ. 60,000 Packets assembled and distributed 2400 Individual cartons | F49: ='Master Price List '!D64 -> 0 | G49: =E49*F49 -> 0
B50: BRE Envelopes 9 ½” x 12 5/8” flap along 12 5/8”side # 24 Lb closed face BRE Printed black ink 2 sides | F50: ='Master Price List '!E65 -> 0 | G50: =E50*F50 -> 0
B51: Outgoing Mail Envelope 9 ½” x 12 5/8” flap along 12 5/8” side # 24 Lb white window envelope | F51: ='Master Price List '!E66 -> 0 | G51: =E51*F51 -> 0
B52: ID CARD Pre-Printed Shell | F52: ='Master Price List '!D67 -> 0 | G52: =E52*F52 -> 0
B53: ID Card, 8.5 x 11 prints 2/1 PMS 287&100 over 287, 32# ledger, L perf at bottom | F53: ='Master Price List '!E68 -> 0 | G53: =E53*F53 -> 0
B54: Senior Gold ID Card, 8.5 x 11 prints 2/1 PMS 486 & Reflex Blue over Reflex Blue, Micro perf at bottom | F54: ='Master Price List '!E69 -> 0 | G54: =E54*F54 -> 0
B55: NCPDP Fact Sheet | F55: ='Master Price List '!E70 -> 0 | G55: =E55*F55 -> 0
B56: AOC 3-Part Self-Mailer Part 1: 16 lb Carbonized bond with multiple carbons spots on back of sheet White paper -Reflex blue on face | F56: ='Master Price List '!E71 -> 0 | G56: =E56*F56 -> 0
B57: AOC 3-Part Self-Mailer Part 2: #21 lb CB carbonless sheet-- white Reflex blue ink on face and back of sheet | F57: ='Master Price List '!E72 -> 0 | G57: =E57*F57 -> 0
B58: AOC 3-Part Self-Mailer Part 3: #20 lb CF carbonless sheet white Reflex blue ink on back | F58: ='Master Price List '!E73 -> 0 | G58: =E58*F58 -> 0
B59: Special mailers Identical to Parts 1 , 2, or 3 but each is custom printed with copy changes between forms | F59: ='Master Price List '!E74 -> 0 | G59: =E59*F59 -> 0
F60: Sub-Total Bucket Additional Work | G60: =SUM(G41:G59) -> 0
A61: NJMVC Additional Work | B61: Training for a complete Notary Public | F61: ='Master Price List '!D77 -> 0 | G61: =E61*F61 -> 0
B62: Five (5) Year Notary Bond | F62: ='Master Price List '!D78 -> 0 | G62: =E62*F62 -> 0
B63: Daily Notary Service | F63: ='Master Price List '!D79 -> 0 | G63: =E63*F63 -> 0
B64: NJMVC English Driver's Manual - Quantity of 200,000-204,000 | F64: ='Master Price List '!E80 -> 0 | G64: =E64*F64 -> 0
B65: NJMVC English Driver's Manual - Quantity of 205,000-209,000 | F65: ='Master Price List '!E81 -> 0 | G65: =E65*F65 -> 0
B66: NJMVC English Driver's Manual - Quantity of 210,000-214,000 | F66: ='Master Price List '!E82 -> 0 | G66: =E66*F66 -> 0
B67: NJMVC English Driver's Manual - Quantity of 215,000-219,000 | F67: ='Master Price List '!E83 -> 0 | G67: =E67*F67 -> 0
B68: NJMVC English Driver's Manual - Quantity of 220,000-224,000 | F68: ='Master Price List '!E84 -> 0 | G68: =E68*F68 -> 0
B69: NJMVC English Driver's Manual - Quantity of 225,000-229,000 | F69: ='Master Price List '!E85 -> 0 | G69: =E69*F69 -> 0
B70: NJMVC English Driver's Manual - Quantity of 230,000-234,000 | F70: ='Master Price List '!E86 -> 0 | G70: =E70*F70 -> 0
B71: NJMVC Spanish Driver's Manual - Quantity of 70,000-74,000 | F71: ='Master Price List '!E87 -> 0 | G71: =E71*F71 -> 0
B72: NJMVC Spanish Driver's Manual - Quantity of 75,000-79,000 | F72: ='Master Price List '!E88 -> 0 | G72: =E72*F72 -> 0
B73: NJMVC Spanish Driver's Manual - Quantity of 80,000-84,000 | F73: ='Master Price List '!E89 -> 0 | G73: =E73*F73 -> 0
B74: NJMVC BA-300R (R8/20) Universal Registration Form - 400,000 Forms 3up | F74: ='Master Price List '!E90 -> 0 | G74: =E74*F74 -> 0
B75: NJMVC BA-300R (R8/20) Universal Registration Form - 800,000 Forms 3up | F75: ='Master Price List '!E91 -> 0 | G75: =E75*F75 -> 0
... B77: NJMVC BA-300 (R8/20) Agency Universal Registration Form - 2,000,000 Forms 1up | F77: ='Master Price List '!E93 -> 0 | G77: =E77*F77 -> 0
F78: Sub-Total Bucket NJMVC Additional Work | G78: =SUM(G59:G77) -> 0
C79: Bidder Grand Total | F79: =SUM(G27,G21,G17,G10,G47,G60,G78) -> 0

Sheet ER-3
A2: Envelope Form # | B2: ER-3 Division of Revenue PO Box 252 | D2: Revision Date : | H2: Agency : | I2: Revenue
H4: Click to Return to Master Price List
A5: Envelope Style : | B5: Commercial | D5: Annual Quantity : | F5: 12500
A7: Paper Color : | B7: White | D7: Envelope Size | G7: Length
G8: 8 7/8"
A9: Paper Weight : | B9: 24# Wove
A11: Construction
A13: Seam Style | B13: Diagonal Seams
A15: Window Material | D15: Height
D16: 3 7/8"
A17: Flap Style | B17: Commercial
A19: Sealing Method / Closure Device | B19: Re-moistenable Seal Gum
A20: Notes:
A23: Window Specifications : | F23: Notes / Comments :
B24: Single Window | D24: Double Window
A25: A) Window Length
A26: B) Window Width
A27: C) Position in from left
A28: D) Position up from bottom
A31: Printing
A32: Face Printing | B32: Number of Colors: | C32: 1 | D32: Ink Color: | F32: Black | G32: Ink Color: | I32: Ink Color:
D33: Bleed: | G33: Bleed: | I33: Bleed:
A35: Back Printing | B35: Number of Colors: | D35: Ink Color: | G35: Ink Color: | I35: Ink Color:
D36: Bleed: | G36: Bleed: | I36: Bleed:
A38: Inside Tint / Safety | B38: Ink Color: | D38: Notes:
A40: FIM Code | D40: Preprinted Zip+4 Barcode | F40: Yes No | G40: Notes :
B47: Seam | D47: Flap | F47: Window Material | G47: Bleed
B49: Diagonal Seams | D49: Square | F49: Open Face | G49: Yes
B50: Center Seams | D50: Pointed | F50: Poly | G50: No
B51: Side Seams | D51: Commercial | F51: Glassine
B52: Single Side Seams | D52: Mail Point | F52: Cello
D53: Wallet
B55: Sealing Method | D55: Inside Tint | F55: Number of Colors
B57: Re-moistenable Seal Gum | D57: Blue | F57: 1
B58: Flip Seal | D58: Black | F58: 2
B59: Metal Clasp | D59: Other | F59: 3
B60: String & Button
B61: Latex Seal | D61: FIM Code
B62: Peel and Seal
D63: FIM A
B64: Envelope Style | D64: FIM B
D65: FIM C
B66: Open End | D66: FIM D
B67: Open Side
B68: Commercial

Sheet OMB Box 221
A2: Envelope Form # | B2: OMB BOX 221 | D2: Revision Date : | H2: Agency : | I2: Treasury OMB
H4: Click to Return to Master Price List
A5: Envelope Style : | B5: Commercial | D5: Annual Quantity : | F5: 8500
A7: Paper Color : | B7: Natural / Cream | D7: Envelope Size | G7: Length
G8: 8 1/8"
A9: Paper Weight : 20
A11: Construction
A13: Seam Style | B13: Diagonal Seams
A15: Window Material | B15: Poly | D15: Height
D16: 4"
A17: Flap Style | B17: Commercial
A19: Sealing Method / Closure Device | B19: Re-moistenable Seal Gum
A20: Notes:
A23: Window Specifications : | F23: Notes / Comments :
B24: Single Window | D24: Double Window
A25: A) Window Length | B25: 5 3/8"
A26: B) Window Width | B26: 1 1/4"
A27: C) Position in from left | B27: 3/4"
A28: D) Position up from bottom | B28: 3/4"
A31: Printing
A32: Face Printing | B32: Number of Colors: | C32: 1 | D32: Ink Color: | F32: Black | G32: Ink Color: | I32: Ink Color:
D33: Bleed: | G33: Bleed: | I33: Bleed:
A35: Back Printing | B35: Number of Colors: | D35: Ink Color: | G35: Ink Color: | I35: Ink Color:
D36: Bleed: | G36: Bleed: | I36: Bleed:
A38: Inside Tint / Safety | B38: Ink Color: | D38: Notes:
A40: FIM Code | D40: Preprinted Zip+4 Barcode | F40: Yes No | G40: Notes :
B47: Seam | D47: Flap | F47: Window Material | G47: Bleed
B49: Diagonal Seams | D49: Square | F49: Open Face | G49: Yes
B50: Center Seams | D50: Pointed | F50: Poly | G50: No
B51: Side Seams | D51: Commercial | F51: Glassine
B52: Single Side Seams | D52: Mail Point | F52: Cello
D53: Wallet
B55: Sealing Method | D55: Inside Tint | F55: Number of Colors
B57: Re-moistenable Seal Gum | D57: Blue | F57: 1
B58: Flip Seal | D58: Black | F58: 2
B59: Metal Clasp | D59: Other | F59: 3
B60: String & Button
B61: Latex Seal | D61: FIM Code
B62: Peel and Seal
D63: FIM A
B64: Envelope Style | D64: FIM B
D65: FIM C
B66: Open End | D66: FIM D
B67: Open Side
B68: Commercial

Sheet ER-92D
A2: Envelope Form # | B2: ER-92D 601 Window Envelope Taxation | D2: Revision Date : | H2: Agency : | I2: Div. of Taxation
H4: Click to Return to Master Price List
A5: Envelope Style : | B5: Commercial | D5: Annual Quantity : | F5: 704000
A7: Paper Color : | B7: White | D7: Envelope Size | G7: Length
G8: 7 1/2"
A9: Paper Weight : | B9: 24# Wove
A11: Construction
A13: Seam Style | B13: Diagonal Seams
A15: Window Material | B15: Open Face | D15: Height
D16: 3 1/2"
A17: Flap Style | B17: Commercial
A19: Sealing Method / Closure Device | B19: Re-moistenable Seal Gum
A20: Notes:
A23: Window Specifications : | F23: Notes / Comments :
B24: Single Window | D24: Double Window | F24: Envelope Flap: Commercial with Rounded Flap, Envelope Flap Measures Approximately 1 5/8" From Top Edge of the Envelope. No Other Flap is Acceptable.
A25: A) Window Length | B25: 2 3/8"
A26: B) Window Width | B26: 3/4"
A27: C) Position in from left | B27: 1/2"
A28: D) Position up from bottom | B28: 1/2"
A31: Printing
A32: Face Printing | B32: Number of Colors: | C32: 1 | D32: Ink Color: | F32: Black | G32: Ink Color: | I32: Ink Color:
D33: Bleed: | F33: Yes | G33: Bleed: | I33: Bleed:
A35: Back Printing | B35: Number of Colors: | C35: 1 | D35: Ink Color: | F35: Black | G35: Ink Color: | I35: Ink Color:
D36: Bleed: | F36: Yes | G36: Bleed: | I36: Bleed:
A38: Inside Tint / Safety | B38: Ink Color: | D38: Notes:
A40: FIM Code | B40: FIM A | D40: Preprinted Zip+4 Barcode | F40: Yes No | G40: Notes :
B47: Seam | D47: Flap | F47: Window Material | G47: Bleed
B49: Diagonal Seams | D49: Square | F49: Open Face | G49: Yes
B50: Center Seams | D50: Pointed | F50: Poly | G50: No
B51: Side Seams | D51: Commercial | F51: Glassine
B52: Single Side Seams | D52: Mail Point | F52: Cello
D53: Wallet
B55: Sealing Method | D55: Inside Tint | F55: Number of Colors
B57: Re-moistenable Seal Gum | D57: Blue | F57: 1
B58: Flip Seal | D58: Black | F58: 2
B59: Metal Clasp | D59: Other | F59: 3
B60: String & Button
B61: Latex Seal | D61: FIM Code
B62: Peel and Seal
D63: FIM A
B64: Envelope Style | D64: FIM B
D65: FIM C
B66: Open End | D66: FIM D
B67: Open Side
B68: Commercial

Sheet ER-123
A2: Envelope Form # | B2: ER-123 | D2: Revision Date : | H2: Agency : | I2: Div. of Taxation
H4: Click to Return to Master Price List
A5: Envelope Style : | B5: Commercial | D5: Annual Quantity : | F5: 25000
A7: Paper Color : | B7: Goldenrod | D7: Envelope Size | G7: Length
G8: 7"
A9: Paper Weight : | B9: 24# Wove
A11: Construction
A13: Seam Style | B13: Diagonal Seams
A15: Window Material | B15: Open Face | D15: Height
D16: 3 1/2"
A17: Flap Style | B17: Commercial
A19: Sealing Method / Closure Device | B19: Re-moistenable Seal Gum
A23: Window Specifications : | F23: Notes / Comments :
B24: Single Window | D24: Double Window
A25: A) Window Length | B25: 2 3/8"
A26: B) Window Width | B26: 3/4"
A27: C) Position in from left | B27: 1/2"
A28: D) Position up from bottom | B28: 1/2"
A31: Printing
A32: Face Printing | B32: Number of Colors: | C32: 1 | D32: Ink Color: | F32: Black | G32: Ink Color: | I32: Ink Color:
D33: Bleed: | F33: No | G33: Bleed: | I33: Bleed:
A35: Back Printing | B35: Number of Colors: | D35: Ink Color: | G35: Ink Color: | I35: Ink Color:
D36: Bleed: | G36: Bleed: | I36: Bleed:
A38: Inside Tint / Safety | B38: Ink Color: | C38: Other | D38: Notes: | E38: No Tint for this envelope
A40: FIM Code | B40: FIM A | D40: Preprinted Zip+4 Barcode | F40: Yes No | G40: Notes :
B47: Seam | D47: Flap | F47: Window Material | G47: Bleed
B49: Diagonal Seams | D49: Square | F49: Open Face | G49: Yes
B50: Center Seams | D50: Pointed | F50: Poly | G50: No
B51: Side Seams | D51: Commercial | F51: Glassine
B52: Single Side Seams | D52: Mail Point | F52: Cello
D53: Wallet
B55: Sealing Method | D55: Inside Tint | F55: Number of Colors
B57: Re-moistenable Seal Gum | D57: Blue | F57: 1
B58: Flip Seal | D58: Black | F58: 2
B59: Metal Clasp | D59: Other | F59: 3
B60: String & Button
B61: Latex Seal | D61: FIM Code
B62: Peel and Seal
D63: FIM A
B64: Envelope Style | D64: FIM B
D65: FIM C
B66: Open End | D66: FIM D
B67: Open Side
B68: Commercial

Sheet ER-117
A2: Envelope Form # | B2: ER-117 PO Box 195 | D2: Revision Date : | H2: Agency : | I2: Taxation
H4: Click to Return to Master Price List
A5: Envelope Style : | B5: Commercial | D5: Annual Quantity : | F5: 2000
A7: Paper Color : | B7: Blue | D7: Envelope Size | G7: Length
G8: 8 7/8"
A9: Paper Weight : | B9: 24 # Wove
A11: Construction
A13: Seam Style | B13: Diagonal Seams
A15: Window Material | D15: Height
D16: 3 7/8"
A17: Flap Style | B17: Commercial
A19: Sealing Method / Closure Device | B19: Re-moistenable Seal Gum
A23: Window Specifications : | F23: Notes / Comments :
B24: Single Window | D24: Double Window | F24: # 9 STANDARD
A25: A) Window Length
A26: B) Window Width
A27: C) Position in from left
A28: D) Position up from bottom
A31: Printing
A32: Face Printing | B32: Number of Colors: | C32: 1 | D32: Ink Color: | F32: Black | G32: Ink Color: | I32: Ink Color:
D33: Bleed: | G33: Bleed: | I33: Bleed:
A35: Back Printing | B35: Number of Colors: | C35: 1 | D35: Ink Color: | F35: Black | G35: Ink Color: | I35: Ink Color:
D36: Bleed: | G36: Bleed: | I36: Bleed:
A38: Inside Tint / Safety | B38: Ink Color: | C38: Other | D38: Notes: | E38: NO INSIDE TINT
A40: FIM Code | B40: FIM A | D40: Preprinted Zip+4 Barcode | F40: Yes No | G40: Notes :
B47: Seam | D47: Flap | F47: Window Material | G47: Bleed
B49: Diagonal Seams | D49: Square | F49: Open Face | G49: Yes
B50: Center Seams | D50: Pointed | F50: Poly | G50: No
B51: Side Seams | D51: Commercial | F51: Glassine
B52: Single Side Seams | D52: Mail Point | F52: Cello
D53: Wallet
B55: Sealing Method | D55: Inside Tint | F55: Number of Colors
B57: Re-moistenable Seal Gum | D57: Blue | F57: 1
B58: Flip Seal | D58: Black | F58: 2
B59: Metal Clasp | D59: Other | F59: 3
B60: String & Button
B61: Latex Seal | D61: FIM Code
B62: Peel and Seal
D63: FIM A
B64: Envelope Style | D64: FIM B
D65: FIM C
B66: Open End | D66: FIM D
B67: Open Side
B68: Commercial

Sheet ER-106
A2: Envelope Form # | B2: ER-106 (BRP-1) Window Taxation | D2: Revision Date : | H2: Agency : | I2: Div. of Taxation
H4: Click to Return to Master Price List
A5: Envelope Style : | B5: Commercial | D5: Annual Quantity : | F5: 200000
A7: Paper Color : | B7: Cream | D7: Envelope Size | G7: Length
G8: 8 7/8"
A9: Paper Weight : | B9: 24# Wove
A11: Construction
A13: Seam Style | B13: Diagonal Seams
A15: Window Material | B15: Open Face | D15: Height
D16: 3 7/8"
A17: Flap Style | B17: Commercial
A19: Sealing Method / Closure Device | B19: Re-moistenable Seal Gum
A23: Window Specifications : | F23: Notes / Comments :
B24: Single Window | D24: Double Window | F24: Commercial with Rounded Flap. No other flap acceptable.
A25: A) Window Length | B25: 3 1/2"
A26: B) Window Width | B26: 1 1/4"
A27: C) Position in from left | B27: 1/2"
A28: D) Position up from bottom | B28: 3/4"
A31: Printing
A32: Face Printing | B32: Number of Colors: | C32: 1 | D32: Ink Color: | F32: Black | G32: Ink Color: | I32: Ink Color:
D33: Bleed: | F33: Yes | G33: Bleed: | I33: Bleed:
A35: Back Printing | B35: Number of Colors: | C35: 1 | D35: Ink Color: | F35: Black | G35: Ink Color: | I35: Ink Color:
D36: Bleed: | F36: Yes | G36: Bleed: | I36: Bleed:
A38: Inside Tint / Safety | B38: Ink Color: | C38: Other | D38: Notes: | E38: No Inside Tint Reqiured
A40: FIM Code | D40: Preprinted Zip+4 Barcode | F40: Yes No | G40: Notes :
B47: Seam | D47: Flap | F47: Window Material | G47: Bleed
B49: Diagonal Seams | D49: Square | F49: Open Face | G49: Yes
B50: Center Seams | D50: Pointed | F50: Poly | G50: No
B51: Side Seams | D51: Commercial | F51: Glassine
B52: Single Side Seams | D52: Mail Point | F52: Cello
D53: Wallet
B55: Sealing Method | D55: Inside Tint | F55: Number of Colors
B57: Re-moistenable Seal Gum | D57: Blue | F57: 1
B58: Flip Seal | D58: Black | F58: 2
B59: Metal Clasp | D59: Other | F59: 3
B60: String & Button
B61: Latex Seal | D61: FIM Code
B62: Peel and Seal
D63: FIM A
B64: Envelope Style | D64: FIM B
D65: FIM C
B66: Open End | D66: FIM D
B67: Open Side
B68: Commercial

Sheet ER-116
A2: Envelope Form # | B2: ER-116, Federal Offset Program | D2: Revision Date : | H2: Agency : | I2: Div. of Taxation
H4: Click to Return to Master Price List
A5: Envelope Style : | B5: Commercial | D5: Annual Quantity : | F5: 253000
A7: Paper Color : | B7: White | D7: Envelope Size | G7: Length
G8: 8 7/8"
A9: Paper Weight : | B9: 24
A11: Construction
A13: Seam Style | B13: Diagonal Seams
A15: Window Material | D15: Height
D16: 3 7/8"
A17: Flap Style | B17: Commercial
A19: Sealing Method / Closure Device | B19: Re-moistenable Seal Gum
A23: Window Specifications : | F23: Notes / Comments :
B24: Single Window | D24: Double Window | F24: Non - Window Evvelope
A25: A) Window Length
A26: B) Window Width
A27: C) Position in from left
A28: D) Position up from bottom
A31: Printing
A32: Face Printing | B32: Number of Colors: | C32: 1 | D32: Ink Color: | F32: Black | G32: Ink Color: | I32: Ink Color:
D33: Bleed: | G33: Bleed: | I33: Bleed:
A35: Back Printing | B35: Number of Colors: | C35: 1 | D35: Ink Color: | F35: Black | G35: Ink Color: | I35: Ink Color:
D36: Bleed: | G36: Bleed: | I36: Bleed:
A38: Inside Tint / Safety | B38: Ink Color: | C38: Other | D38: Notes: | E38: No Safety Tint for this Envelope
A40: FIM Code | B40: FIM A | D40: Preprinted Zip+4 Barcode | F40: Yes No | G40: Notes :
B47: Seam | D47: Flap | F47: Window Material | G47: Bleed
B49: Diagonal Seams | D49: Square | F49: Open Face | G49: Yes
B50: Center Seams | D50: Pointed | F50: Poly | G50: No
B51: Side Seams | D51: Commercial | F51: Glassine
B52: Single Side Seams | D52: Mail Point | F52: Cello
D53: Wallet
B55: Sealing Method | D55: Inside Tint | F55: Number of Colors
B57: Re-moistenable Seal Gum | D57: Blue | F57: 1
B58: Flip Seal | D58: Black | F58: 2
B59: Metal Clasp | D59: Other | F59: 3
B60: String & Button
B61: Latex Seal | D61: FIM Code
B62: Peel and Seal
D63: FIM A
B64: Envelope Style | D64: FIM B
D65: FIM C
B66: Open End | D66: FIM D
B67: Open Side
B68: Commercial

Sheet ER-113
A2: Envelope Form # | B2: ER-113 PO Box 255 | D2: Revision Date : | H2: Agency : | I2: Taxation
H4: Click to Return to Master Price List
A5: Envelope Style : | B5: Commercial | D5: Annual Quantity : | F5: 40000
A7: Paper Color : | B7: Blue | D7: Envelope Size | G7: Length
G8: 8 7/8"
A9: Paper Weight : | B9: 24 # Wove
A11: Construction
A13: Seam Style | B13: Diagonal Seams
A15: Window Material | D15: Height
D16: 3 7/8"
A17: Flap Style | B17: Commercial
A19: Sealing Method / Closure Device | B19: Re-moistenable Seal Gum
A23: Window Specifications : | F23: Notes / Comments :
B24: Single Window | D24: Double Window | F24: # 9 STANDARD
A25: A) Window Length
A26: B) Window Width
A27: C) Position in from left
A28: D) Position up from bottom
A31: Printing
A32: Face Printing | B32: Number of Colors: | C32: 1 | D32: Ink Color: | F32: Black | G32: Ink Color: | I32: Ink Color:
D33: Bleed: | G33: Bleed: | I33: Bleed:
A35: Back Printing | B35: Number of Colors: | D35: Ink Color: | G35: Ink Color: | I35: Ink Color:
D36: Bleed: | G36: Bleed: | I36: Bleed:
A38: Inside Tint / Safety | B38: Ink Color: | C38: Other | D38: Notes: | E38: NO INSIDE TINT
A40: FIM Code | D40: Preprinted Zip+4 Barcode | F40: Yes No | G40: Notes :
B47: Seam | D47: Flap | F47: Window Material | G47: Bleed
B49: Diagonal Seams | D49: Square | F49: Open Face | G49: Yes
B50: Center Seams | D50: Pointed | F50: Poly | G50: No
B51: Side Seams | D51: Commercial | F51: Glassine
B52: Single Side Seams | D52: Mail Point | F52: Cello
D53: Wallet
B55: Sealing Method | D55: Inside Tint | F55: Number of Colors
B57: Re-moistenable Seal Gum | D57: Blue | F57: 1
B58: Flip Seal | D58: Black | F58: 2
B59: Metal Clasp | D59: Other | F59: 3
B60: String & Button
B61: Latex Seal | D61: FIM Code
B62: Peel and Seal
D63: FIM A
B64: Envelope Style | D64: FIM B
D65: FIM C
B66: Open End | D66: FIM D
B67: Open Side
B68: Commercial

Sheet LL-1E
A2: Envelope Form # | B2: LL-1E (J0548) Lifeline | D2: Revision Date : | H2: Agency : | I2: Dept. of Human Services
H4: Click to Return to Master Price List
A5: Envelope Style : | B5: Commercial | D5: Annual Quantity : | F5: 50000
A7: Paper Color : | B7: White Wove | D7: Envelope Size | G7: Length
G8: 7 1/2"
A9: Paper Weight : | B9: 24#
A11: Construction
A13: Seam Style | B13: Diagonal Seams
A15: Window Material | D15: Height
D16: 3 7/8"
A17: Flap Style | B17: Commercial
A19: Sealing Method / Closure Device | B19: Re-moistenable Seal Gum
A20: Notes:
A23: Window Specifications : | F23: Notes / Comments :
B24: Single Window | D24: Double Window | F24: This envelope is nested into a pressure seal document.
A25: A) Window Length
A26: B) Window Width
A27: C) Position in from left
A28: D) Position up from bottom
A31: Printing
A32: Face Printing | B32: Number of Colors: | C32: 1 | D32: Ink Color: | F32: Black | G32: Ink Color: | I32: Ink Color:
D33: Bleed: | G33: Bleed: | I33: Bleed:
A35: Back Printing | B35: Number of Colors: | D35: Ink Color: | G35: Ink Color: | I35: Ink Color:
D36: Bleed: | G36: Bleed: | I36: Bleed:
A38: Inside Tint / Safety | B38: Ink Color: | D38: Notes:
A40: FIM Code | B40: FIM A | D40: Preprinted Zip+4 Barcode | F40: Yes No | G40: Notes :
B47: Seam | D47: Flap | F47: Window Material | G47: Bleed
B49: Diagonal Seams | D49: Square | F49: Open Face | G49: Yes
B50: Center Seams | D50: Pointed | F50: Poly | G50: No
B51: Side Seams | D51: Commercial | F51: Glassine
B52: Single Side Seams | D52: Mail Point | F52: Cello
D53: Wallet
B55: Sealing Method | D55: Inside Tint | F55: Number of Colors
B57: Re-moistenable Seal Gum | D57: Blue | F57: 1
B58: Flip Seal | D58: Black | F58: 2
B59: Metal Clasp | D59: Other | F59: 3
B60: String & Button
B61: Latex Seal | D61: FIM Code
B62: Peel and Seal
D63: FIM A
B64: Envelope Style | D64: FIM B
D65: FIM C
B66: Open End | D66: FIM D
B67: Open Side
B68: Commercial

Sheet PENS Envelope
A2: Envelope Form # | B2: PENS Envelope | D2: Revision Date : | H2: Agency : | I2: Pension
H4: Click to Return to Master Price List
A5: Envelope Style : | B5: Commercial | D5: Annual Quantity : | F5: 13000
A7: Paper Color : | B7: Ivory | D7: Envelope Size | G7: Length
D8: #9 Window | G8: 8 7/8"
A9: Paper Weight : | B9: 24#
A11: Construction
A13: Seam Style | B13: Diagonal Seams
A15: Window Material | B15: Poly | D15: Height
D16: 3 7/8"
A17: Flap Style | B17: Commercial
A19: Sealing Method / Closure Device | B19: Re-moistenable Seal Gum
A20: Notes:
A23: Window Specifications : | F23: Notes / Comments :
B24: Single Window | D24: Double Window
A25: A) Window Length | B25: 3 1/2"
A26: B) Window Width | B26: 1 1/4"
A27: C) Position in from left | B27: 1/2"
A28: D) Position up from bottom | B28: 1"
A31: Printing
A32: Face Printing | B32: Number of Colors: | C32: 1 | D32: Ink Color: | F32: Black | G32: Ink Color: | I32: Ink Color:
D33: Bleed: | G33: Bleed: | I33: Bleed:
A35: Back Printing | B35: Number of Colors: | C35: 1 | D35: Ink Color: | F35: Black | G35: Ink Color: | I35: Ink Color:
D36: Bleed: | G36: Bleed: | I36: Bleed:
A38: Inside Tint / Safety | B38: Ink Color: | D38: Notes:
A40: FIM Code | D40: Preprinted Zip+4 Barcode | F40: Yes No | G40: Notes : | H40: no pre printed bar code on envelope
B47: Seam | D47: Flap | F47: Window Material | G47: Bleed
B49: Diagonal Seams | D49: Square | F49: Open Face | G49: Yes
B50: Center Seams | D50: Pointed | F50: Poly | G50: No
B51: Side Seams | D51: Commercial | F51: Glassine
B52: Single Side Seams | D52: Mail Point | F52: Cello
D53: Wallet
B55: Sealing Method | D55: Inside Tint | F55: Number of Colors
B57: Re-moistenable Seal Gum | D57: Blue | F57: 1
B58: Flip Seal | D58: Black | F58: 2
B59: Metal Clasp | D59: Other | F59: 3
B60: String & Button
B61: Latex Seal | D61: FIM Code
B62: Peel and Seal
D63: FIM A
B64: Envelope Style | D64: FIM B
D65: FIM C
B66: Open End | D66: FIM D
B67: Open Side
B68: Commercial

Sheet Pension Insert
A1: Cut Sheet Specification | B1: Click to Return to Master Price List
A3: Form Number: FC-0430-0200 (Pensions Insert)
A4: Paper Size: 8 ½” x 11”
A5: Paper Stock: 20# White Wove
A6: Ink Color(s): Black
A7: Image: Prints 1/0
A8: Folding: Tri - Fold to 8 ½” x 3 ¾” (Image side to outside)
A9: Annual Estimated Quantity: 12,500
A11: Notes:

Sheet EN-BPC-124
A2: Envelope Form # | B2: EN-BPC-124 | D2: Revision Date : | F2: (9-11) | H2: Agency : | I2: Labor
H4: Click to Return to Master Price List
A5: Envelope Style : | B5: Commercial | D5: Annual Quantity : | F5: 158000
A7: Paper Color : | B7: Light Blue | D7: Envelope Size | G7: Length
D8: (#9) | G8: 8 7/8"
A9: Paper Weight : | B9: 24 Wove
A11: Construction
A13: Seam Style | B13: Diagonal Seams
A15: Window Material | D15: Height
D16: 3 7/8"
A17: Flap Style | B17: Commercial
A19: Sealing Method / Closure Device | B19: Re-moistenable Seal Gum
A22: Full Gumming on flap.
A23: Window Specifications : | F23: Notes / Comments :
B24: Single Window | D24: Double Window | F24: Exact printing position required for the FIM and Baar Code, to conform with postal requirements. Note: The print position, quality and contrast ratio between dark blue ink and light bllue paper stock must facilitate satisfactory optical character recognition. This envelope is nested into a pressure seal document.
A25: A) Window Length
A26: B) Window Width
A27: C) Position in from left
A28: D) Position up from bottom
A31: Printing
A32: Face Printing | B32: Number of Colors: | C32: 1 | D32: Ink Color: | F32: PMS 288U Blue | G32: Ink Color: | I32: Ink Color:
D33: Bleed: | G33: Bleed: | I33: Bleed:
A35: Back Printing | B35: Number of Colors: | D35: Ink Color: | G35: Ink Color: | I35: Ink Color:
D36: Bleed: | G36: Bleed: | I36: Bleed:
A38: Inside Tint / Safety | B38: Ink Color: | C38: Other | D38: Notes:
A40: FIM Code | B40: FIM A | D40: Preprinted Zip+4 Barcode | F40: Yes No | G40: Notes :
B47: Seam | D47: Flap | F47: Window Material | G47: Bleed
B49: Diagonal Seams | D49: Square | F49: Open Face | G49: Yes
B50: Center Seams | D50: Pointed | F50: Poly | G50: No
B51: Side Seams | D51: Commercial | F51: Glassine
B52: Single Side Seams | D52: Mail Point | F52: Cello
D53: Wallet
B55: Sealing Method | D55: Inside Tint | F55: Number of Colors
B57: Re-moistenable Seal Gum | D57: Blue | F57: 1
B58: Flip Seal | D58: Black | F58: 2
B59: Metal Clasp | D59: Other | F59: 3
B60: String & Button
B61: Latex Seal | D61: FIM Code
B62: Peel and Seal
D63: FIM A
B64: Envelope Style | D64: FIM B
D65: FIM C
B66: Open End | D66: FIM D
B67: Open Side
B68: Commercial

Sheet EN-BPC-104
A2: Envelope Form # | B2: EN-BPC-104 Summary of Accounts Return Window Envelope for Mailer | D2: Revision Date : | F2: 40980 | H2: Agency : | I2: Labor
H4: Click to Return to Master Price List
A5: Envelope Style : | B5: Open Side | D5: Annual Quantity : | F5: 1200000
A7: Paper Color : | B7: White Wove | D7: Envelope Size | G7: Length
D8: Special Size | G8: 7 1/2"
A9: Paper Weight : | B9: 28
A11: Construction
A13: Seam Style | B13: Diagonal Seams
A15: Window Material | B15: Open Face | D15: Height
D16: 3 1/2"
A17: Flap Style | B17: Commercial
A19: Sealing Method / Closure Device | B19: Re-moistenable Seal Gum
A22: Flap 1 5/8", Full Gummed, 7/16" gum line height. Throat: 3/8"
A23: Window Specifications : | F23: Notes / Comments :
B24: Single Window | D24: Double Window | F24: Printed Face, outside of back and outside of flap. Exact printing position required for the FIM and Bar Code, to conform to postal requirements. One horizontal solid green stripe 1/4" x 1/2" along the top edge with 1/8" on face and 1/8" overlap on flap, positioned 3" from left edge. Printed before converting. Manufactured must guarantee envelope for use with the equipment specified. This envelope is nested into a pressure seal document. Eventually, the envelope is opened on automated extraction equipment - OPEX MPE 5.0. Flap must not stick to contents of envelope
A25: A) Window Length | B25: 2 3/8"
A26: B) Window Width | B26: 3/4"
A27: C) Position in from left | B27: 1/2"
A28: D) Position up from bottom | B28: 1/2"
A31: Printing
A32: Face Printing | B32: Number of Colors: | C32: 2 | D32: Ink Color: | F32: Black | G32: Ink Color: | H32: Pantone Green | I32: Ink Color:
D33: Bleed: | G33: Bleed: | I33: Bleed:
A35: Back Printing | B35: Number of Colors: | D35: Ink Color: | G35: Ink Color: | I35: Ink Color:
D36: Bleed: | G36: Bleed: | I36: Bleed:
A38: Inside Tint / Safety | B38: Ink Color: | C38: Other | D38: Notes:
A40: FIM Code | B40: FIM A | D40: Preprinted Zip+4 Barcode | F40: Yes No | G40: Notes :
B47: Seam | D47: Flap | F47: Window Material | G47: Bleed
B49: Diagonal Seams | D49: Square | F49: Open Face | G49: Yes
B50: Center Seams | D50: Pointed | F50: Poly | G50: No
B51: Side Seams | D51: Commercial | F51: Glassine
B52: Single Side Seams | D52: Mail Point | F52: Cello
D53: Wallet
B55: Sealing Method | D55: Inside Tint | F55: Number of Colors
B57: Re-moistenable Seal Gum | D57: Blue | F57: 1
B58: Flip Seal | D58: Black | F58: 2
B59: Metal Clasp | D59: Other | F59: 3
B60: String & Button
B61: Latex Seal | D61: FIM Code
B62: Peel and Seal
D63: FIM A
B64: Envelope Style | D64: FIM B
D65: FIM C
B66: Open End | D66: FIM D
B67: Open Side
B68: Commercial

Sheet EN-EA-106
A2: Envelope Form # | B2: EN-EA- 106 | D2: Revision Date : | F2: 41040 | H2: Agency : | I2: Labor Div of Employer Accounts
H4: Click to Return to Master Price List
A5: Envelope Style : | B5: Open Side | D5: Annual Quantity : | F5: 437000
A7: Paper Color : | B7: White | D7: Envelope Size | G7: Length
D8: # 8 5/8 | G8: 8 5/8"
A9: Paper Weight : | B9: 28# Wove
A11: Construction
A13: Seam Style | B13: Diagonal Seams
A15: Window Material | B15: Open Face | D15: Height
D16: 3 5/8"
A17: Flap Style | B17: Commercial
A19: Sealing Method / Closure Device | B19: Re-moistenable Seal Gum
A22: Flap: 1 3/4" or 1 5/8", full gummed, 1/2" maximum gum line height. Throat: 1/2"
A23: Window Specifications : | F23: Notes / Comments :
B24: Single Window | D24: Double Window | F24: Printed face and outside of back. Exact printing position required for the FIM and Bar Code, to conform to postal requirements. Two horizontal solid black stripes 1/8" x 1" on face of envelope: one stripe along top edge, positioned 4" from left end of stripe to left end of envelope; one stripe along bottom edge at left end of envelope Manufactured must guarantee envelope for use with the equipment specified. This envelope is nested into a pressure seal document. Eventually, the envelope is opened on automated extraction equipment - OPEX MPE 5.0. Flap must not stick to contents of envelope.
A25: A) Window Length | B25: 3"
A26: B) Window Width | B26: 1"
A27: C) Position in from left | B27: 1 1/4"
A28: D) Position up from bottom | B28: 3/4"
A31: Printing
A32: Face Printing | B32: Number of Colors: | C32: 1 | D32: Ink Color: | F32: Black | G32: Ink Color: | I32: Ink Color:
D33: Bleed: | G33: Bleed: | I33: Bleed:
A35: Back Printing | B35: Number of Colors: | C35: 1 | D35: Ink Color: | F35: Black | G35: Ink Color: | I35: Ink Color:
D36: Bleed: | G36: Bleed: | I36: Bleed:
A38: Inside Tint / Safety | B38: Ink Color: | C38: Other | D38: Notes:
A40: FIM Code | B40: FIM A | D40: Preprinted Zip+4 Barcode | F40: Yes No | G40: Notes :
B47: Seam | D47: Flap | F47: Window Material | G47: Bleed
B49: Diagonal Seams | D49: Square | F49: Open Face | G49: Yes
B50: Center Seams | D50: Pointed | F50: Poly | G50: No
B51: Side Seams | D51: Commercial | F51: Glassine
B52: Single Side Seams | D52: Mail Point | F52: Cello
D53: Wallet
B55: Sealing Method | D55: Inside Tint | F55: Number of Colors
B57: Re-moistenable Seal Gum | D57: Blue | F57: 1
B58: Flip Seal | D58: Black | F58: 2
B59: Metal Clasp | D59: Other | F59: 3
B60: String & Button
B61: Latex Seal | D61: FIM Code
B62: Peel and Seal
D63: FIM A
B64: Envelope Style | D64: FIM B
D65: FIM C
B66: Open End | D66: FIM D
B67: Open Side
B68: Commercial

Sheet EN-EA-253
A2: Envelope Form # | B2: EN-EA-253 (LAB 1) | D2: Revision Date : | F2: 41040 | H2: Agency : | I2: Labor
H4: Click to Return to Master Price List
A5: Envelope Style : | B5: Commercial | D5: Annual Quantity : | F5: 250000
A7: Paper Color : | B7: White Wove | D7: Envelope Size: (#9) | G7: Length
G8: 8 7/8"
A9: Paper Weight : | B9: 28
A11: Construction
A13: Seam Style | B13: Diagonal Seams
A15: Window Material | B15: Open Face | D15: Height
D16: 3 7/8"
A17: Flap Style | B17: Commercial
A19: Sealing Method / Closure Device | B19: Re-moistenable Seal Gum
A22: Flap: 1 3/4" or 1 5/8", full gummed, 7/16" maximun gum line height. Throat: 1/2"
A23: Window Specifications : | F23: Notes / Comments :
B24: Single Window | D24: Double Window | F24: Printed face, outside of back and outside of flap. Exact printing position required for the FIM and bar code, to conform to postal requirements. Two horizontal solid orange stripes 1/4" x 1/2": One stripe along top edge with 1/8" on face and 1/8" overlap on flap, positioned 1 3/4" from left edge; one stripe along bottom edge with 1/8" on face 1/8" overlap on back panel, positioned 1/4" from left edge. Manufactured must guarantee envelope for use with the equipment specified. This envelope is nested into a pressure seal document. Eventually, the envelope is opened on automated extraction equipment - OPEX MPE 5.0. Flap must not stick to contents of envelope
A25: A) Window Length | B25: 3 1/2"
A26: B) Window Width | B26: 1 1/4"
A27: C) Position in from left | B27: 1 1/4"
A28: D) Position up from bottom | B28: 3/4"
A31: Printing
A32: Face Printing | B32: Number of Colors: | C32: 2 | D32: Ink Color: | F32: Black | G32: Ink Color: | H32: Orange 021U | I32: Ink Color:
D33: Bleed: | G33: Bleed: | I33: Bleed:
A35: Back Printing | B35: Number of Colors: | D35: Ink Color: | G35: Ink Color: | I35: Ink Color:
D36: Bleed: | G36: Bleed: | I36: Bleed:
A38: Inside Tint / Safety | B38: Ink Color: | C38: Other | D38: Notes:
A40: FIM Code | D40: Preprinted Zip+4 Barcode | F40: Yes No | G40: Notes :
B47: Seam | D47: Flap | F47: Window Material | G47: Bleed
B49: Diagonal Seams | D49: Square | F49: Open Face | G49: Yes
B50: Center Seams | D50: Pointed | F50: Poly | G50: No
B51: Side Seams | D51: Commercial | F51: Glassine
B52: Single Side Seams | D52: Mail Point | F52: Cello
D53: Wallet
B55: Sealing Method | D55: Inside Tint | F55: Number of Colors
B57: Re-moistenable Seal Gum | D57: Blue | F57: 1
B58: Flip Seal | D58: Black | F58: 2
B59: Metal Clasp | D59: Other | F59: 3
B60: String & Button
B61: Latex Seal | D61: FIM Code
B62: Peel and Seal
D63: FIM A
B64: Envelope Style | D64: FIM B
D65: FIM C
B66: Open End | D66: FIM D
B67: Open Side
B68: Commercial

Sheet NJ Kids #10 LH Window
A2: Envelope Form # | B2: NJ Kids #10 LH Window | D2: Revision Date : | H2: Agency : | I2: Div. Family Development
H4: Click to Return to Master Price List
A5: Envelope Style : | B5: Commercial | D5: Annual Quantity : | F5: 2500000
A7: Paper Color : | B7: White | D7: Envelope Size | G7: Length
G8: 9 1/2"
A9: Paper Weight : 24#
A11: Construction
A13: Seam Style | B13: Diagonal Seams
A15: Window Material | B15: Poly | D15: Height
D16: 4 1/8"
A17: Flap Style | B17: Commercial
A19: Sealing Method / Closure Device | B19: Re-moistenable Seal Gum
A20: Notes:
A23: Window Specifications : | F23: Notes / Comments :
B24: Single Window | D24: Double Window | F24: Sample does not reflect new Postal Srevice Requirements of 3/4 clear band from bottom of envelope to bottom of window. Specifications reflect this new requirement.
A25: A) Window Length | B25: 4 1/2"
A26: B) Window Width | B26: 1 1/2"
A27: C) Position in from left | B27: 7/8"
A28: D) Up from bottom | B28: 3/4"
A31: Printing
A32: Face Printing | B32: Number of Colors: | C32: 1 | D32: Ink Color: | F32: Black | G32: Ink Color: | I32: Ink Color:
D33: Bleed: | G33: Bleed: | I33: Bleed:
A35: Back Printing | B35: Number of Colors: | D35: Ink Color: | G35: Ink Color: | I35: Ink Color:
D36: Bleed: | G36: Bleed: | I36: Bleed:
A38: Inside Tint / Safety | B38: Ink Color: | D38: Notes:
A40: FIM Code | D40: Preprinted Zip+4 Barcode | F40: Yes No | G40: Notes :
B47: Seam | D47: Flap | F47: Window Material | G47: Bleed
B49: Diagonal Seams | D49: Square | F49: Open Face | G49: Yes
B50: Center Seams | D50: Pointed | F50: Poly | G50: No
B51: Side Seams | D51: Commercial | F51: Glassine
B52: Single Side Seams | D52: Mail Point | F52: Cello
D53: Wallet
B55: Sealing Method | D55: Inside Tint | F55: Number of Colors
B57: Re-moistenable Seal Gum | D57: Blue | F57: 1
B58: Flip Seal | D58: Black | F58: 2
B59: Metal Clasp | D59: Other | F59: 3
B60: String & Button
B61: Latex Seal | D61: FIM Code
B62: Peel and Seal
D63: FIM A
B64: Envelope Style | D64: FIM B
D65: FIM C
B66: Open End | D66: FIM D
B67: Open Side
B68: Commercial

Sheet NJ Kids #10 Regular Env
A2: Envelope Form # | B2: #10 Regular Envelope | D2: Revision Date : | H2: Agency : | I2: General
H4: Click to Return to Master Price List
A5: Envelope Style : | B5: Commercial | D5: Annual Quantity : | F5: 1500000
A7: Paper Color : | B7: White | D7: Envelope Size | G7: Length
G8: 9 1/2"
A9: Paper Weight : | B9: 24#
A11: Construction
A13: Seam Style | B13: Diagonal Seams
A15: Window Material | D15: Height
D16: 4 1/8 "
A17: Flap Style | B17: Commercial
A19: Sealing Method / Closure Device | B19: Re-moistenable Seal Gum
A20: Notes:
A23: Window Specifications : | F23: Notes / Comments :
B24: Single Window | D24: Double Window
A25: A) Window Length
A26: B) Window Width
A27: C) Position in from left
A28: D) Up from bottom
A31: Printing
A32: Face Printing | B32: Number of Colors: | C32: 1 | D32: Ink Color: | F32: Black | G32: Ink Color: | I32: Ink Color:
D33: Bleed: | G33: Bleed: | I33: Bleed:
A35: Back Printing | B35: Number of Colors: | D35: Ink Color: | G35: Ink Color: | I35: Ink Color:
D36: Bleed: | G36: Bleed: | I36: Bleed:
A38: Inside Tint / Safety | B38: Ink Color: | D38: Notes:
A40: FIM Code | D40: Preprinted Zip+4 Barcode | F40: Yes No | G40: Notes :
B47: Seam | D47: Flap | F47: Window Material | G47: Bleed
B49: Diagonal Seams | D49: Square | F49: Open Face | G49: Yes
B50: Center Seams | D50: Pointed | F50: Poly | G50: No
B51: Side Seams | D51: Commercial | F51: Glassine
B52: Single Side Seams | D52: Mail Point | F52: Cello
D53: Wallet
B55: Sealing Method | D55: Inside Tint | F55: Number of Colors
B57: Re-moistenable Seal Gum | D57: Blue | F57: 1
B58: Flip Seal | D58: Black | F58: 2
B59: Metal Clasp | D59: Other | F59: 3
B60: String & Button
B61: Latex Seal | D61: FIM Code
B62: Peel and Seal
D63: FIM A
B64: Envelope Style | D64: FIM B
D65: FIM C
B66: Open End | D66: FIM D
B67: Open Side
B68: Commercial

Sheet NJ Kids 6x9.5 Cert DW
A2: Envelope Form # | B2: Certified Mail Double Window 6" x 9 1/2" NJKIDS | D2: Revision Date : | H2: Agency : | I2: DHD NJ Kids
H4: Click to Return to Master Price List
A5: Envelope Style : | B5: Open Side | D5: Annual Quantity : | F5: 214000
A7: Paper Color : | B7: White | D7: Envelope Size | G7: Length
G8: 9 1/2"
A9: Paper Weight : 28#
A11: Construction
A13: Seam Style | B13: Side Seams
A15: Window Material | B15: Poly | D15: Height
D16: 6"
A17: Flap Style | B17: Square
A19: Sealing Method/Closure Device | B19: Re-moistenable Seal Gum
A20: Notes:
A21: Booklet Style Envelope , Throat Size 1/2"
A23: Window Specifications : | F23: Notes / Comments :
B24: Single Window | D24: Double Window | F24: Certified Mail Stripe: 1/2" x 3", positioned 3" from left edge. 1/4" of the imprinted stripe shall be overlapped down the BACK of the envelope from the top. There shall be NO verbiage/writing/dotted line, ctc. On the BACK or at the TOP of the overlapped portion of the GREEN stripe. It shall only be a green stripe. The remaining 1/4" portion of the imprinted stripe shall be overlapped down the FRONT of the envelope from the top and contain the words CERTIFIED MAIL, in ITALICS, to be centered across the stripe. This CERTIFIED MAIL- GREEN srtipe will identify Certified mail items when placed in trays. The Certified Mail Stripe must be printed in reverse in a (PMS) Pantone Matching System 347 Green ink. Ink must be unreadable"blind" to the scanning wands used with Postal Service automated recordkeeping systems for accountable mail and have a print contrast signal of less than 10% as measured by a Postal Service reflectve meter.
A25: A) Window Length | B25: 4 7/8" | D25: 5 5/8"
A26: B) Window Width | B26: 1 1/2" | D26: 1 1/2"
A27: C) Position in from left | B27: 1/2" | D27: 5/8"
A28: D) Up from bottom | B28: 2" | D28: 3 7/8"
A31: Printing
A32: Face Printing | B32: Number of Colors: | C32: 1 | D32: Ink Color: | F32: PMS 347 Green | G32: Ink Color: | I32: Ink Color:
D33: Bleed: | F33: No | G33: Bleed: | I33: Bleed:
A35: Back Printing | B35: Number of Colors: | D35: Ink Color: | G35: Ink Color: | I35: Ink Color:
D36: Bleed: | G36: Bleed: | I36: Bleed:
A38: Inside Tint / Safety | B38: Ink Color: | D38: Notes:
A40: FIM Code | D40: Preprinted Zip+4 Barcode | F40: Yes No | G40: Notes :
B47: Seam | D47: Flap | F47: Window Material | G47: Bleed
B49: Diagonal Seams | D49: Square | F49: Open Face | G49: Yes
B50: Center Seams | D50: Pointed | F50: Poly | G50: No
B51: Side Seams | D51: Commercial | F51: Glassine
B52: Single Side Seams | D52: Mail Point | F52: Cello
D53: Wallet
B55: Sealing Method | D55: Inside Tint | F55: Number of Colors
B57: Re-moistenable Seal Gum | D57: Blue | F57: 1
B58: Flip Seal | D58: Black | F58: 2
B59: Metal Clasp | D59: Other | F59: 3
B60: String & Button
B61: Latex Seal | D61: FIM Code
B62: Peel and Seal
D63: FIM A
B64: Envelope Style | D64: FIM B
D65: FIM C
B66: Open End | D66: FIM D
B67: Open Side
B68: Commercial

Sheet NJ Kids 10x13
A2: Envelope Form # | B2: 10" x 13" Flats | D2: Revision Date : | H2: Agency : | I2: NJ Kids DFD
H4: Click to Return to Master Price List
A5: Envelope Style : | B5: Open End | D5: Annual Quantity : | F5: 13000
A7: Paper Color : | B7: Brown Kraft | D7: Envelope Size | G7: Length
G8: 10"
A9: Paper Weight : | B9: 28#
A11: Construction
A13: Seam Style | B13: Center Seams
A15: Window Material | B15: Poly | D15: Height
D16: 13"
A17: Flap Style | B17: Commercial
A19: Sealing Method / Closure Device | B19: Latex Seal
A20: Notes:
A23: Window Specifications : | F23: Notes / Comments :
B24: Single Window | D24: Double Window
A25: A) Window Length | B25: 4 1/2"
A26: B) Window Width | B26: 3"
A27: C) Position in from left | B27: 1/2"
A28: D) Up from bottom | B28: 8"
A31: Printing
A32: Face Printing | B32: Number of Colors: | D32: Ink Color: | G32: Ink Color: | I32: Ink Color:
D33: Bleed: | G33: Bleed: | I33: Bleed:
A35: Back Printing | B35: Number of Colors: | D35: Ink Color: | G35: Ink Color: | I35: Ink Color:
D36: Bleed: | G36: Bleed: | I36: Bleed:
A38: Inside Tint / Safety | B38: Ink Color: | D38: Notes:
A40: FIM Code | D40: Preprinted Zip+4 Barcode | F40: Yes No | G40: Notes :
B47: Seam | D47: Flap | F47: Window Material | G47: Bleed
B49: Diagonal Seams | D49: Square | F49: Open Face | G49: Yes
B50: Center Seams | D50: Pointed | F50: Poly | G50: No
B51: Side Seams | D51: Commercial | F51: Glassine
B52: Single Side Seams | D52: Mail Point | F52: Cello
D53: Wallet
B55: Sealing Method | D55: Inside Tint | F55: Number of Colors
B57: Re-moistenable Seal Gum | D57: Blue | F57: 1
B58: Flip Seal | D58: Black | F58: 2
B59: Metal Clasp | D59: Other | F59: 3
B60: String & Button
B61: Latex Seal | D61: FIM Code
B62: Peel and Seal
D63: FIM A
B64: Envelope Style | D64: FIM B
D65: FIM C
B66: Open End | D66: FIM D
B67: Open Side
B68: Commercial

Sheet NJ Kids 6x9.5 Env
A2: Envelope Form # | B2: 6" x 9.5" Window | D2: Revision Date : | H2: Agency : | I2: NJ Kids DFD
H4: Click to Return to Master Price List
A5: Envelope Style : | B5: Open Side | D5: Annual Quantity : | F5: 600000
A7: Paper Color : | B7: White | D7: Envelope Size | G7: Length
G8: 9.5"
A9: Paper Weight : 28 #
A11: Construction
A13: Seam Style | B13: Side Seams
A15: Window Material | B15: Poly | D15: Height
D16: 6"
A17: Flap Style | B17: Commercial
A19: Sealing Method / Closure Device | B19: Re-moistenable Seal Gum
A20: Notes:
A23: Window Specifications : | F23: Notes / Comments :
B24: Single Window | D24: Double Window
A25: A) Window Length | B25: 5"
A26: B) Window Width | B26: 1 1/2"
A27: C) Position in from left | B27: 3/8"
A28: D) Up from bottom | B28: 2"
A31: Printing
A32: Face Printing | B32: Number of Colors: | D32: Ink Color: | G32: Ink Color: | I32: Ink Color:
D33: Bleed: | G33: Bleed: | I33: Bleed:
A35: Back Printing | B35: Number of Colors: | D35: Ink Color: | G35: Ink Color: | I35: Ink Color:
D36: Bleed: | G36: Bleed: | I36: Bleed:
A38: Inside Tint / Safety | B38: Ink Color: | D38: Notes:
A40: FIM Code | D40: Preprinted Zip+4 Barcode | F40: Yes No | G40: Notes :
B47: Seam | D47: Flap | F47: Window Material | G47: Bleed
B49: Diagonal Seams | D49: Square | F49: Open Face | G49: Yes
B50: Center Seams | D50: Pointed | F50: Poly | G50: No
B51: Side Seams | D51: Commercial | F51: Glassine
B52: Single Side Seams | D52: Mail Point | F52: Cello
D53: Wallet
B55: Sealing Method | D55: Inside Tint | F55: Number of Colors
B57: Re-moistenable Seal Gum | D57: Blue | F57: 1
B58: Flip Seal | D58: Black | F58: 2
B59: Metal Clasp | D59: Other | F59: 3
B60: String & Button
B61: Latex Seal | D61: FIM Code
B62: Peel and Seal
D63: FIM A
B64: Envelope Style | D64: FIM B
D65: FIM C
B66: Open End | D66: FIM D
B67: Open Side
B68: Commercial

Sheet NJDHS PAAD Application
A1: Cut Sheet Specification | B1: Click to Return to Master Price List
A3: Form Number: NJDHS PAAD Application
A4: Paper Size: 11” x 9 1/8” 11 part form
A5: Paper Stock: #24 lb OCR bond
A6: Ink Color(s): Printed 2 colors 2 sides black and non- scan red including a bar code.
A7: Image:
A8: Folding:
A9: Annual Estimated Quantity: Estimated 60,000 will be processed/comingled with envelopes and mailed. 40,000 will be stored off site for 6 months for subsequent deliveries to NJ.
A11: Notes:
A12: Packaging /comingling envelope and packet into 25 sets per carton. These individual cartons would be shipped to 2,000 facilities throughout NJ.
A14: BRE Envelopes 9 ½” x 12 5/8” flap along 12 5/8”side # 24 Lb closed face BRE Printed black ink 2 sides
A16: Outgoing mail envelope 9 ½” x 12 5/8” flap along 12 5/8” side # 24 Lb white window envelope
A18: Prices include printing, warehousing for 6 months, and freight including subsequent shipments.

Sheet AOC - 3-Part Self Mailer
A1: Cut Sheet Specification | B1: Click to Return to Master Price List
A3: Form Number: Administration of Courts - 3-Part Self-Mailer
A4: Continuous pin fed 12” x 5.5”-- 3part self mailer
A5: Part 1: #16 lb Carbonized bond with multiple carbons spots on back of sheet White paper -Reflex blue on face
A6: Part 2: #21 lb CB carbonless sheet-- white Reflex blue ink on face and back of sheet
A7: Part 3: #20 lb CF carbonless sheet white Reflex blue ink on back
A9: Annual Estimated Quantity: Estimated 204 cartons
A11: Notes:
A12: All parts have ½’ left and right marginal perforations
A13: Parts 2-3 have additional perforation 1” from edge to facilitate opening of mailer which has parts 2-3 glued together to form a pasted pocket mailer
A14: Crimp fastening of all 3 parts in left and right ½” edges
A15: Special mailers Identical to above BUT each is custom printed with copy changes between forms
A16: All mailers upon competition of production are to be shipped to Vendor’s warehouse and stored for 12-18 months for subsequent shipping.
... A18: Mailers are shipped to approximated 45 different locations approximately 75-100 shipments a year
